 Dungeon Crawl Stone Soup version 0.20-a0-949-g916514f (webtiles) character file.

140 Hybris the Skirmisher (level 5, -5/42 HPs)
             Began as a Demonspawn Abyssal Knight on Apr 3, 2017.
             Was a Believer of Lugonu.
             Slain by Orgrimm's ghost (8 damage)
             ... on level 3 of the Dungeon on Apr 4, 2017.
             The game lasted 00:06:13 (2656 turns).

Hybris the Skirmisher (Demonspawn Abyssal Knight)   Turns: 2656, Time: 00:06:14

Health: -5/42      AC: 10    Str: 12    XL:     5   Next: 2%
Magic:  6/6        EV:  7    Int: 14    God:    Lugonu [**....]
Gold:   140        SH:  0    Dex: 13    Spells: 4/4 levels left

rFire    . . .     SeeInvis .   d - +2 whip (venom)
rCold    . . .     Gourm    .   (no shield)
rNeg     . . .     Faith    .   k - +2 chain mail {MR+}
rPois    .         Spirit   .   (no helmet)
rElec    .         Reflect  .   (no cloak)
rCorr    .         Harm     .   (no gloves)
MR       +....                  (no boots)
Stlth    ..........             (no amulet)
Regen    0.2/turn               (no ring)
MPRegen  0.1/turn               (no ring)

@: no status effects
A: repulsion field 1, powered by pain 1
a: Depart the Abyss, Bend Space, Renounce Religion


You were on level 3 of the Dungeon.
You worshipped Lugonu.
Lugonu was pleased with you.
You were hungry.

You visited 1 branch of the dungeon, and saw 3 of its levels.
You visited the Abyss 1 time.

You collected 140 gold pieces.

Inventory:

Hand Weapons
 a - a +1 hand axe
 d - a +2 whip of venom (weapon)
Armour
 k - a +2 chain mail of magic resistance (worn)
Jewellery
 m - a +5 amulet of reflection {unknown}
 n - an uncursed ring of flight {unknown}
Scrolls
 e - 2 scrolls of enchant weapon {unknown}
 g - a scroll of amnesia {unknown}
 h - 2 scrolls of teleportation {unknown}
 l - 2 scrolls of identify {unknown}
Potions
 b - a potion of agility {unknown}
 j - a potion of curing
 p - a potion of invisibility
Comestibles
 c - 3 bread rations
 f - 2 fruits
 i - a royal jelly
 o - a chunk of flesh


   Skills:
 + Level 4.3 Fighting
 - Level 3.1(3.4) Axes
 + Level 1.8(2.7) Maces & Flails
 - Level 1.7 Armour
 - Level 0.8 Dodging
 - Level 2.4 Invocations


You had 4 spell levels left.
You didn't know any spells.

Dungeon Overview and Level Annotations

Branches:
Dungeon (3/15)

Altars:

Annotations:
D:3 Orgrimm's ghost, amateur BaFi


Innate Abilities, Weirdness & Mutations

You are surrounded by a mild repulsion field. (EV +2)
You sometimes gain a little power by taking damage.


Message History

You hit Orgrimm's ghost.
Orgrimm's ghost is almost destroyed.
Orgrimm's ghost closely misses you.
You hit Orgrimm's ghost.
Orgrimm's ghost is almost destroyed.
Orgrimm's ghost hits you but does no damage.
Your chain mail prevents you from hitting Orgrimm's ghost.
Orgrimm's ghost is almost destroyed.
Orgrimm's ghost hits you but does no damage.
You hit Orgrimm's ghost but do no damage.
Orgrimm's ghost is almost destroyed.
Orgrimm's ghost hits you.
* * * LOW HITPOINT WARNING * * *
Your chain mail prevents you from hitting Orgrimm's ghost.
Orgrimm's ghost is almost destroyed.
Orgrimm's ghost barely misses you.
You closely miss Orgrimm's ghost.
Orgrimm's ghost is almost destroyed.
Orgrimm's ghost hits you!
You die...

#.........######
.######+##...........
...............#####
#######.###....## #.#
#....... #.#
#........ #.#
#.......... #
#W###..........
....#[@...###......
#.....?...# ......
#...#####..# ..... .#
##.. # #.. #.


You could see Orgrimm's ghost.

Vanquished Creatures
  4 gnolls (D:2)
  3 adders
  An ooze (D:1)
  2 worms (D:2)
  2 dart slugs (D:1)
  2 leopard geckos (D:1)
  2 giant cockroaches (D:1)
  11 goblins
  6 hobgoblins
  2 jackals (D:1)
  A quokka (D:2)
  A ball python (D:1)
  5 bats
  5 frilled lizards
  9 kobolds
  3 rats
59 creatures vanquished.

Notes
Turn   | Place    | Note
-------+----------+-------------------------------------------
     0 | Abyss:1  | Hybris the Demonspawn Abyssal Knight began the quest for the Orb.
     0 | Abyss:1  | Reached XP level 1. HP: 18/18 MP: 2/2
    36 | Abyss:1  | Noticed a flying skull
    37 | D:1      | Escaped the Abyss
   144 | D:1      | Reached * piety under Lugonu
   299 | D:1      | Gained mutation: You sometimes gain a little power by taking damage. [demonic ancestry]
   299 | D:1      | Reached XP level 2. HP: 13/24 MP: 3/3
   671 | D:1      | Upgraded the game from 0.20-a0-947-g2784f4f to 0.20-a0-949-g916514f
   973 | D:1      | Reached XP level 3. HP: 14/29 MP: 4/4
  1526 | D:2      | Reached XP level 4. HP: 26/37 MP: 5/5
  1533 | D:2      | Reached skill level 1 in Maces & Flails
  1536 | D:2      | Reached ** piety under Lugonu
  1540 | D:2      | Reached skill level 4 in Fighting
  2485 | D:3      | Gained mutation: You are surrounded by a mild repulsion field. (EV +2) [demonic ancestry]
  2485 | D:3      | Reached XP level 5. HP: 32/42 MP: 6/6
  2613 | D:3      | Noticed Orgrimm's ghost (amateur BaFi)
  2656 | D:3      | Slain by Orgrimm's ghost

Vault maps used:
D:1:      lemuel_arrival_rhombus, minmay_domino_2
D:2:      patterned_corridor
D:3:      nicolae_overflow_hidden_temple

Skill      XL: |  1  2  3  4 |
---------------+-------------+-----
Axes           | 2 3 |  3.1
Maces & Flails | 1 |  1.8
Fighting       | 4 |  4.3
Armour         | |  1.7
Dodging        | |  0.8
Invocations    | |  2.4

Action                   |  1- 3 |  4- 6 || total
-------------------------+-------+-------++-------
Melee: Hand axe          |    47 |       ||    47
       Whip              |    71 |    77 ||   148
Invok: Depart the Abyss  |     1 |       ||     1
  Use: Potion            |     1 |       ||     1
 Stab: Invisible         |     1 |       ||     1
  Eat: Chunk             |     2 |     3 ||     5
Armor: Leather armour    |    12 |       ||    12
       Chain mail        |    33 |    43 ||    76
Dodge: Dodged            |    52 |    21 ||    73
